 Dungeon Crawl Stone Soup version 0.22-a0-542-gce4f928 (webtiles) character file.

2706 Gildeon the Sneak (level 9, -2/61 HPs)
             Began as an Octopode Transmuter on June 24, 2018.
             Was an Initiate of Sif Muna.
             Slain by a sky beast (6 damage)
             ... on level 8 of the Dungeon.
             The game lasted 01:01:59 (10858 turns).

Gildeon the Sneak (Octopode Transmuter)            Turns: 10858, Time: 01:02:00

Health: -2/61      AC:  1    Str: 11    XL:     9   Next: 65%
Magic:  13/17      EV: 16    Int: 15    God:    Sif Muna [......]
Gold:   360        SH:  4    Dex: 14    Spells: 3/18 levels left

rFire    . . .     SeeInvis .     - Unarmed
rCold    . . .     Gourm    .   (no shield)
rNeg     . . .     Faith    .   (helmet restricted)
rPois    +         Spirit   .   g - +4 amulet of reflection
rElec    .         Reflect  +   h - ring of poison resistance
rCorr    .         Harm     .   b - +2 ring of evasion
MR       .....                  (no ring)
Stlth    ++++......             (no ring)
HPRegen  0.20/turn              (no ring)
MPRegen  0.15/turn              (no ring)
                                (no ring)
                                (no ring)

@: appendage, very slightly contaminated, heavily drained
A: almost no armour, stealthy swim, amphibious, 8 rings, constrict 8, tentacle
spike 3, camouflage 1, gelatinous body 1
a: End Transformation, Renounce Religion


You were on level 8 of the Dungeon.
You worshipped Sif Muna.
Sif Muna was noncommittal.
You were not hungry.
One of your tentacles had a temporary spike.
You visited 2 branches of the dungeon, and saw 9 of its levels.

You collected 360 gold pieces.

Inventory:

Hand Weapons
 e - a +2 whip of freezing
Missiles
 a - 65 arrows
Jewellery
 b - a +2 ring of evasion (right tentacle)
 g - a +4 amulet of reflection (around mantle)
 h - a ring of poison resistance (left tentacle)
Wands
 i - a wand of enslavement (10)
 o - a wand of polymorph (5)
Scrolls
 f - a scroll of vulnerability {unknown}
 l - 6 scrolls of remove curse
 n - 2 scrolls of amnesia
 p - a scroll of enchant armour
 r - 2 scrolls of enchant weapon
Potions
 d - a potion of flight {unknown}
 k - a potion of agility {unknown}
 m - a potion of invisibility {unknown}
 s - a potion of berserk rage {unknown}
Comestibles
 c - 5 rations
 j - 9 chunks of flesh


   Skills:
 - Level 5.0(3.3) Fighting
 - Level 5.1(3.5) Dodging
 + Level 7.2(5.4) Stealth
 + Level 6.5(4.8) Unarmed Combat
 + Level 5.4(3.8) Spellcasting
 - Level 5.0(3.3) Transmutations
 - Level 2.1(0.6) Poison Magic


You had 3 spell levels left.
You knew the following spells:

 Your Spells              Type           Power        Failure   Level  Hunger
a - Beastly Appendage     Tmut           ##....       4%          1    None
b - Sticks to Snakes      Tmut           ##......     7%          2    ##.....
c - Spider Form           Tmut/Pois      #.........   24%         3    ###....
d - Ice Form              Ice/Tmut       #.......     67%         4    ####...
e - Blade Hands           Tmut           ##........   77%         5    ######.

Your spell library contained the following spells:

 Spells                   Type           Power        Failure   Level  Hunger


Dungeon Overview and Level Annotations

Branches:
Dungeon (8/15)             Temple (1/1) D:5
   Lair: D:8-11

Altars:
Ashenzari
Cheibriados
Elyvilon
Fedhas
Gozag
Hepliaklqana
Kikubaaqudgha
Makhleb
Nemelex Xobeh
Okawaru
Qazlal
Ru
Sif Muna
Trog
Uskayaw
Vehumet
Wu Jian
Xom
Yredelemnul
Zin
The Shining One

Shops:
D:4 [   D:8 %

Annotations:
D:7 2 transporters, 1 runed door, Joseph; inc's ghost, novice OpEE


Innate Abilities, Weirdness & Mutations

You cannot wear most types of armour.
You are very stealthy in the water. (Stealth+)
You are amphibious.
You can wear up to eight rings at the same time.
You can use your tentacles to constrict eight enemies at once.
Your skin changes colour to match your surroundings (Stealth+).
Your rubbery body absorbs attacks. (AC +1, EV +1)
One of your tentacles bears a large vicious spike.


Message History

You miss something. Your squeeze misses something. Something hits you.
Something shocks you.
You tentacle-slap something.
Your tentacle spike misses something.
Something hits you. Something shocks you.
You tentacle-slap something but do no damage.
You pierce something.
Something hits you. Something shocks you.
You tentacle-slap something but do no damage.
You pierce something.
Your squeeze misses something. Something hits you.
* * * LOW HITPOINT WARNING * * *
Something shocks you.
* * * LOW HITPOINT WARNING * * *
You miss something.
Your tentacle spike misses something.
Your squeeze misses something. Something hits you.
* * * LOW HITPOINT WARNING * * *
Something shocks you.
* * * LOW HITPOINT WARNING * * *
Something hits you.
* * * LOW HITPOINT WARNING * * *
Something shocks you.
You die...

#......#.#.#####.#.#.#.#..).#.##
#......#.#รท..........#..).......
#......#.#########.#..........##
##......#.. ................#..
........### #####.#.#######.#.#
........# ###### #.#.....# #.#.#
....#..## #....# #.#####.###.#.#
....#..## #...{###.....#...#.#.#
... +...# +...S@...###.#.###.#.#
....#.### #....###.# #.#.###.#.#
........# ###### #.# #.#.......#
##+#..#.# #.# #.###...### #..#.#
#.# #.#<#...#.. #..#.# #.#
#.#.#...#.# #.#..#.# #.#
#.#.....#.# #.#..#.# #.#
#.###.#.#.# #.#..#.# #.# #.#
#.#.#.#


You could see a friendly ball python.

Vanquished Creatures
  Pikel (D:7)
  Prince Ribbit (D:7)
  Sigmund (D:4)
  A phantom (D:4)
  An orc warrior (D:6)
  An ogre (D:6)
  2 centaurs
  2 bullfrogs
  4 scorpions
  3 killer bees (D:6)
  A howler monkey (D:6)
  3 crimson imps
  A hound (D:6)
  3 jellies
  5 orc wizards
  An orc priest (D:5)
  A bullfrog skeleton (D:4)
  A centaur skeleton (D:5)
  Terence (D:3)
  4 iguanas
  A gnoll (D:7)
  A howler monkey skeleton (D:5)
  A worker ant zombie (D:6)
  12 adders
  3 river rats (D:5)
  2 shadow imps
  A white imp (D:8)
  An ooze (D:2)
  3 worms
  2 dart slugs
  A leopard gecko (D:1)
  26 orcs
  5 giant cockroaches
  10 goblins
  11 hobgoblins
  7 jackals
  2 quokkas
  2 ball pythons
  11 bats
  9 frilled lizards
  A giant cockroach zombie (D:4)
  14 kobolds
  8 rats
172 creatures vanquished.

Vanquished Creatures (collateral kills)
  An ogre (D:7)
  A big kobold (D:7)
  A killer bee (D:7)
  An adder (D:6)
  3 orcs
  A kobold (D:7)
8 creatures vanquished.

Vanquished Creatures (others)
  2 orcs
2 creatures vanquished.

Grand Total: 182 creatures vanquished

Notes
Turn   | Place    | Note
-------+----------+-------------------------------------------
     0 | D:1      | Gildeon the Octopode Transmuter began the quest for the Orb.
     0 | D:1      | Reached XP level 1. HP: 13/13 MP: 3/3
   564 | D:1      | Reached XP level 2. HP: 13/18 MP: 1/5
   569 | D:1      | Learned a level 2 spell: Sticks to Snakes
   714 | D:1      | Reached skill level 1 in Stealth
  1053 | D:1      | Reached XP level 3. HP: 23/23 MP: 6/6
  1253 | D:2      | Learned a level 3 spell: Spider Form
  1431 | D:2      | Found a burning altar of Makhleb.
  1552 | D:2      | Reached XP level 4. HP: 29/29 MP: 5/7
  2220 | D:2      | Reached skill level 2 in Stealth
  2220 | D:2      | Reached skill level 1 in Poison Magic
  2644 | D:3      | Reached XP level 5. HP: 33/34 MP: 8/8
  2916 | D:3      | Noticed Terence
  3163 | D:3      | Found a blossoming altar of Fedhas.
  3272 | D:3      | Found a hide-covered altar of Uskayaw.
  3610 | D:3      | Killed Terence
  3795 | D:4      | Found a shattered altar of Ashenzari.
  3805 | D:4      | Noticed Sigmund
  4029 | D:4      | Noticed a phantom
  4384 | D:4      | Found a sparkling altar of Nemelex Xobeh.
  4545 | D:4      | Found Uvves's Antique Armour Emporium.
  4633 | D:4      | Killed Sigmund
  4633 | D:4      | Reached skill level 3 in Stealth
  4633 | D:4      | Reached XP level 6. HP: 41/41 MP: 7/10
  4961 | D:4      | Reached XP level 7. HP: 41/45 MP: 9/11
  5295 | D:5      | Entered Level 5 of the Dungeon
  5327 | D:5      | Found a sparkling altar of Nemelex Xobeh.
  5522 | D:5      | Found a staircase to the Ecumenical Temple.
  5767 | D:4      | Reached skill level 4 in Stealth
  6432 | D:5      | Found an iron altar of Okawaru.
  6889 | D:5      | Found a stormy altar of Qazlal.
  6933 | D:5      | Reached XP level 8. HP: 52/52 MP: 13/13
  7377 | Temple   | Entered the Ecumenical Temple
  8208 | D:6      | Reached skill level 5 in Stealth
  8639 | D:7      | Reached skill level 5 in Unarmed Combat
  8655 | D:7      | Found a radiant altar of Vehumet.
  8658 | D:7      | Noticed Joseph
  8698 | D:7      | Found a shimmering altar of Xom.
  8711 | D:7      | Found a deep blue altar of Sif Muna.
  8718 | D:7      | Became a worshipper of Sif Muna the Loreminder
  8754 | D:7      | Found a snail-covered altar of Cheibriados.
  8759 | D:7      | Found an ancient bone altar of Kikubaaqudgha.
  8952 | D:7      | Found a transporter.
  9219 | D:7      | Noticed Prince Ribbit
  9223 | D:7      | Reached skill level 5 in Transmutations
  9223 | D:7      | Reached XP level 9. HP: 59/59 MP: 11/15
  9235 | D:7      | Killed Prince Ribbit
  9235 | D:7      | Reached skill level 5 in Dodging
  9466 | D:7      | Noticed a fire crab
  9468 | D:7      | Noticed a kobold demonologist
  9469 | D:7      | Found a transporter.
  9470 | D:7      | Noticed a kobold demonologist
  9924 | D:7      | Reached skill level 5 in Fighting
  9980 | D:7      | Noticed Pikel
  9995 | D:7      | Killed Pikel
  9995 | D:7      | Reached skill level 6 in Stealth
  9995 | D:7      | Reached skill level 5 in Spellcasting
 10314 | D:6      | Learned a level 4 spell: Ice Form
 10320 | D:6      | Learned a level 5 spell: Blade Hands
 10388 | D:7      | Found a runed door.
 10392 | D:7      | Noticed inc's ghost (novice OpEE)
 10445 | D:8      | Reached skill level 7 in Stealth
 10750 | D:8      | Found Ytsiud's Food Boutique.
 10858 | D:8      | Slain by a sky beast

Vault maps used:
D:1:      dpeg_arrival_concentric_ovals
D:2:      lemuel_round_altar, minmay_strange_pillars, minmay_split_cup_small
D:3:      eat_drink_and_be_merry_uskayaw, fedhas_altar_2, first_ration,
          uniq_terence
D:4:      kennysheep_little_box, cheibrodos_ashenzari_chains, serial_shops,
          nicolae_shop_window_shopping, corexii_shack, uniq_sigmund
D:5:      nicolae_qazlal_eye_of_the_storm, okawaru_altar_gauntlet_db,
          temple_doors_e, portal_sewer_entry_e, basic_altar, moated_statue
D:7:      gammafunk_wand_slinger, grunt_temple_overflow_cloverleaf,
          kennysheep_mini, gammafunk_ghost_grave, uniq_prince_ribbit1,
          uniq_pikel, uniq_joseph
D:8:      serial_shops, shop
Temple:   dpeg_three_leaves_temple

Skill      XL: |  1  2  3  4  5  6  7  8  9 |
---------------+----------------------------+-----
Stealth        | 1 2 3 4 5 7 |  7.2
Poison Magic   | 1 2 |  2.1
Fighting       | 2 3 4 5 |  5.0
Dodging        | 3 4 5 |  5.1
Transmutations | 3 4 5 |  5.0
Unarmed Combat | 4 5 6 |  6.5
Spellcasting   | 3 4 5 |  5.4

Action                   |  1- 3 |  4- 6 |  7- 9 || total
-------------------------+-------+-------+-------++-------
Melee: Unarmed           |    92 |   137 |   309 ||   538
       Constrict         |    26 |    27 |    61 ||   114
       Tentacles         |    16 |    19 |    47 ||    82
       Kick              |     5 |    23 |    58 ||    86
       Punch             |     2 |     5 |     9 ||    16
 Cast: Beastly Appendage |    10 |    17 |    40 ||    67
       Sticks to Snakes  |       |     2 |    22 ||    24
       Spider Form       |       |     1 |     5 ||     6
Evoke: Wand              |       |       |     8 ||     8
  Use: Scroll            |     6 |     6 |     6 ||    18
       Potion            |       |     4 |    11 ||    15
 Stab: Sleeping          |     6 |     4 |    10 ||    20
  Eat: Chunk             |     2 |     7 |     6 ||    15
       Ration            |       |     2 |     4 ||     6
Armor: Skin              |    13 |     5 |    10 ||    28
Dodge: Dodged            |    69 |    92 |   248 ||   409
Block: Other             |     4 |    17 |    53 ||    74
       Reflection        |       |       |     7 ||     7

Table legend:
 A = Spawn XP
 B = Non-spawn XP
 C = Spawn XP percentage of total XP
 D = Spawn monster count
 E = Non-spawn monster count
 F = Spawn count percentage of total count
 G = Total turns spent on level
                    A         B        C        D         E        F      G
               +---------+---------+-------+---------+---------+-------+---------
         Total |       0 |    3866 |   0.0 |       0 |     180 |   0.0 | 10858
               +---------+---------+-------+---------+---------+-------+---------
           D:1 |       0 |      39 |   0.0 |       0 |      24 |   0.0 |  1205
           D:2 |       0 |     122 |   0.0 |       0 |      33 |   0.0 |  1381
           D:3 |       0 |      85 |   0.0 |       0 |      20 |   0.0 |  1637
           D:4 |       0 |     572 |   0.0 |       0 |      19 |   0.0 |  1587
           D:5 |       0 |     426 |   0.0 |       0 |      30 |   0.0 |  1642
           D:6 |       0 |     805 |   0.0 |       0 |      18 |   0.0 |  1781
           D:7 |       0 |    1603 |   0.0 |       0 |      27 |   0.0 |  1108
           D:8 |       0 |     214 |   0.0 |       0 |       9 |   0.0 |   427
               +---------+---------+-------+---------+---------+-------+---------
